AoeStats
← Mycorrhizal

Lombardia

510148652Analyzed
4v4 RM · 2d ago on Sep 29, 2026· 65m 38s· 8 players
Game mode
Random Map
Map size
Large (8 player)
Population
200
Speed
Normal
Resources
Standard
Victory
Conquest
Starting age
Dark Age
Ending age
Imperial Age
RankedLock teamsTeams togetherTeam positionsShared explorationLock speedFull tech treeHidden civsTurbo modeCheats
Victory
Defeat
🇨🇳 Saracens · China
1621
+8
🇨🇳 Huns · China
1421
+16
🇨🇳 Magyars · China
1417
+16
🇨🇳 Ethiopians · China
1400
+17
🇷🇺 Saracens · Russia
1477
-16
🇩🇪 Franks · Germany
1438
-15
🇨🇦 Poles · Canada
1426
-14
🇹🇷 Maya · Türkiye
1369
-12
Mycorrhizal
7:01 Loom
9:07 Feudal Age
10:41 Double-Bit Axe
14:41 Horse Collar
24:19 Castle Age
22:28 Scale Barding Armor
23:28 Forging
24:45 Bloodlines
25:07 Gold Mining
25:11 Light Cavalry
27:32 Chain Barding Armor
27:31 Husbandry
38:51 Pikeman
49:54 Bow Saw
49:51 Heavy Plow
50:55 Scale Mail Armor
52:54 Chain Mail Armor
hermelin*?
6:56 Loom
9:36 Feudal Age
11:22 Double-Bit Axe
15:59 Forging
17:44 Scale Barding Armor
23:02 Castle Age
21:19 Gold Mining
24:13 Chain Barding Armor
23:15 Light Cavalry
23:55 Husbandry
24:31 Iron Casting
26:52 Town Watch
31:38 Bow Saw
35:03 Wheelbarrow
42:50 Hand Cart
45:09 Imperial Age
45:24 Fletching
45:21 Cavalier
46:46 Plate Barding Armor
48:14 Conscription
55:32 Bodkin Arrow
63:10 Coinage
Siny
0:28 Loom
12:59 Feudal Age
16:40 Castle Age
15:32 Fletching
16:07 Double-Bit Axe
16:05 Horse Collar
17:47 Wheelbarrow
20:32 Bow Saw
21:28 Town Watch
23:20 Crossbowman
24:47 Bodkin Arrow
24:53 Padded Archer Armor
26:13 Ballistics
27:31 Thumb Ring
28:57 Hand Cart
29:57 Town Patrol
30:37 Guard Tower
31:00 Fortified Wall
35:41 Imperial Age
33:44 Leather Archer Armor
36:24 Bracer
36:55 Ring Archer Armor
35:56 Arbalester
37:03 Conscription
38:15 Holcans
37:35 Arson
38:04 Caravan
39:55 Two-Man Saw
40:09 Chemistry
38:36 Pikeman
39:17 Squires
39:18 Scale Mail Armor
39:52 Halberdier
46:18 Eagle Warrior
50:40 Heavy Plow
51:16 Elite Eagle Warrior
52:57 Forging
57:10 Chain Mail Armor
57:36 Iron Casting
59:59 Plate Mail Armor
61:27 Blast Furnace
59:48 Elite Skirmisher
62:02 Hul'che Javelineers
xxArMoRxx
10:35 Feudal Age
14:44 Castle Age
13:02 Double-Bit Axe
13:17 Horse Collar
17:25 Bow Saw
17:06 Loom
21:24 Wheelbarrow
22:49 Hand Cart
23:50 Fletching
24:48 Scale Barding Armor
24:54 Forging
24:46 Town Watch
25:59 Husbandry
26:10 Bloodlines
27:42 Chain Barding Armor
28:15 Iron Casting
28:38 Bodkin Arrow
29:12 Gold Mining
29:13 Stone Mining
29:45 Stone Mining
33:54 Imperial Age
31:36 Light Cavalry
32:19 Padded Archer Armor
32:57 Gold Shaft Mining
34:00 Heavy Camel Rider
35:17 Plate Barding Armor
34:09 Elite Mameluke
35:28 Conscription
36:46 Blast Furnace
35:46 Bracer
37:43 Hoardings
38:09 Hussar
48:15 Heavy Plow
48:38 Ballistics
49:19 Chemistry
48:30 Masonry
55:07 Murder Holes
93老玩家回归
9:57 Feudal Age
9:28 Loom
10:58 Double-Bit Axe
15:56 Castle Age
20:16 Crossbowman
24:54 Wheelbarrow
24:05 Town Watch
26:05 Hand Cart
26:06 Fletching
26:53 Bodkin Arrow
26:59 Padded Archer Armor
28:16 Bow Saw
32:25 Gold Mining
33:47 Thumb Ring
37:22 Imperial Age
35:42 Leather Archer Armor
35:49 Ballistics
35:46 Stone Mining
36:34 Gold Shaft Mining
37:19 Stone Shaft Mining
37:27 Arbalester
38:38 Conscription
39:24 Chemistry
38:30 Siege Engineers
41:07 Bracer
41:37 Ring Archer Armor
41:42 Torsion Engines
51:00 Coinage
50:31 Caravan
61:06 Masonry
62:23 Banking
民办大A
7:14 Loom
9:23 Feudal Age
10:30 Double-Bit Axe
21:26 Castle Age
19:46 Fletching
19:57 Padded Archer Armor
19:50 Gold Mining
19:43 Horse Collar
22:07 Bloodlines
22:57 Bodkin Arrow
24:57 Wheelbarrow
24:25 Husbandry
28:53 Ballistics
36:14 Imperial Age
34:52 Hand Cart
37:00 Bracer
38:04 Chemistry
37:31 Parthian Tactics
37:29 Heavy Cavalry Archer
38:59 Thumb Ring
39:12 Leather Archer Armor
39:09 Bow Saw
39:01 Heavy Plow
39:51 Recurve Bow
40:16 Conscription
40:28 Ring Archer Armor
41:16 Scale Barding Armor
42:38 Chain Barding Armor
42:22 Corvinian Army
43:03 Gold Shaft Mining
42:19 Stone Mining
43:06 Town Watch
43:57 Plate Barding Armor
42:45 Elite Magyar Huszar
44:12 Caravan
49:10 Coinage
50:08 Hoardings
50:55 Banking
唐火火
10:42 Feudal Age
15:24 Castle Age
13:31 Double-Bit Axe
13:53 Horse Collar
17:45 Wheelbarrow
16:55 Loom
17:22 Bow Saw
22:25 Stone Mining
25:06 Gold Mining
26:11 Heavy Plow
27:53 Gold Shaft Mining
27:35 Hand Cart
30:27 Imperial Age
28:24 Scale Barding Armor
28:30 Forging
28:54 Hand Cart
28:45 Marauders
29:14 Town Watch
29:53 Chain Barding Armor
30:03 Bloodlines
29:53 Husbandry
30:29 Elite Tarkan
32:01 Plate Barding Armor
32:00 Conscription
34:14 Iron Casting
35:49 Two-Man Saw
42:19 Coinage
42:47 Light Cavalry
44:20 Banking
45:45 Caravan
46:56 Hussar
49:42 Fletching
49:52 Padded Archer Armor
51:31 Thumb Ring
51:51 Parthian Tactics
52:02 Heavy Cavalry Archer
52:42 Bodkin Arrow
53:02 Leather Archer Armor
53:49 Blast Furnace
53:54 Bracer
57:39 Ballistics
58:19 Chemistry
59:33 Cavalier
60:29 Paladin
Daily
8:57 Feudal Age
9:26 Loom
13:32 Fletching
18:45 Castle Age
17:23 Padded Archer Armor
17:27 Double-Bit Axe
18:52 Crossbowman
20:01 Bodkin Arrow
21:42 Gold Mining
23:38 Ballistics
29:21 Horse Collar
29:52 Bow Saw
32:20 Imperial Age
32:24 Thumb Ring
34:06 Chemistry
33:42 Bracer
37:31 Arbalester
41:30 Capped Ram
50:40 Wheelbarrow
49:51 Town Watch
50:09 Heavy Plow
51:10 Two-Man Saw
50:46 Gold Shaft Mining
50:03 Stone Mining
51:17 Scale Mail Armor
52:17 Leather Archer Armor
53:33 Chain Mail Armor
53:28 Forging
53:49 Ring Archer Armor
53:38 Chain Mail Armor
53:34 Forging
55:17 Squires
55:03 Arson
55:04 Gambesons
56:16 Caravan
56:46 Coinage
57:16 Plate Mail Armor
57:22 Iron Casting
57:31 Hand Cart
64:51 Blast Furnace
64:00 Scale Barding Armor
65:02 Coinage
Connection lost

Rejoining the realm…

Still unreachable

The connection could not be restored.

Session expired

The server has moved on; the page needs a fresh start.